 Seeded DCSS version 0.30-a0-1161-g0704695555 (webtiles) character file.

Game seed: 17937406787788356857 (custom seed)

971 Mickster the Cleaver (level 8, -6/64 (70) HPs)
             Began as a Hill Orc Berserker on Apr 23, 2023.
             Was a Priest of Trog.
             Mangled by a wight
             ... wielding a +0 long sword
              (9 damage)
             ... on level 6 of the Dungeon on Apr 28, 2023.
             The game lasted 00:37:44 (3141 turns).

Mickster the Cleaver (Hill Orc Berserker)           Turns: 3141, Time: 00:37:45

HP:   -6/64 (70)    AC: 11    Str: 26    XL:     8   Next: 16%
MP:   7/7           EV:  6    Int:  6    God:    Trog [***...]
Gold: 276           SH:  7    Dex:  9    Spells: 7/7 levels left

rFire   . . .        a - +2 hand axe (venom)
rCold   . . .        m - +0 kite shield
rNeg    + . .        e - +0 plate armour
rPois   +            (no helmet)
rElec   .            r - scarf {repulsion}
rCorr   .            (no gloves)
SInv    +            (no boots)
Will    .....        (no amulet) Stlth
                     f - ring of see invisible
HPRegen 0.30/turn    n - ring of positive energy
MPRegen 0.10/turn

%: repel missiles
@: on berserk cooldown, slowed, drained, very slow
A: low MP 1, poison resistance, strong 1, MP-powered wands
a: Renounce Religion, Berserk, Trog's Hand


You were on level 6 of the Dungeon.
You worshipped Trog.
Trog was most pleased with you.
You visited 1 branch of the dungeon, and saw 6 of its levels.

You collected 276 gold pieces.

Inventory:

Hand Weapons
 a - a +2 hand axe of venom (weapon)
Missiles
 h - 6 javelins
 s - a boomerang of dispersal (quivered)
Armour
 e - a +0 plate armour (worn)
 j - a +0 chain mail
 k - a +0 cloak
 m - a +0 kite shield (worn)
 r - a scarf of repulsion (worn)
Jewellery
 f - a ring of see invisible (left hand)
 n - a ring of positive energy (right hand)
 q - a ring of poison resistance
Scrolls
 g - a scroll of fog
 i - a scroll of blinking
 o - 3 scrolls of identify
Potions
 b - 2 potions of curing
 c - 3 potions of mutation
 l - a potion of brilliance
 p - a potion of flight


   Skills:
 + Level 5.6 Fighting
 * Level 10.0 Axes
 + Level 4.2 Armour
 * Level 2.4 Dodging
 * Level 1.8 Shields


You had 7 spell levels left.
You didn't know any spells.
Your spell library was empty.

Dungeon Overview and Level Annotations

Branches:
Dungeon (6/15)
 Temple: D:4-7

Altars:

Annotations:
D:4 2 transporters, BlasphemerAmon's ghost, weakling SpDe


Innate Abilities, Weirdness & Mutations

Your magical capacity is low. (-10% MP)
Your system is resistant to poisons. (rPois)
Your muscles are strong. (Str +4, Int/Dex -1)
You expend magic power (3 MP) to strengthen your wands.


Message History

You kill the acid dragon!
Trog accepts your kill.
The acid dragon scales are intact enough to wear.
You hit the wight but do no damage. You block the wight's attack.
Your Axes skill increases to level 10!
Found a potion of berserk rage.
A wight comes into view. It is wielding a +0 flail.
The wight closely misses you. The wight barely misses you.
Things that are here:
+0 acid dragon scales; an acid dragon corpse You closely miss the wight.
You hit the wight but do no damage. You barely miss the wight.
The wight hits you but does no damage. x2
The wight hits you with a +0 hand axe.
You feel drained. You block the wight's attack.
The wight hits you with a +5 falchion.
You feel drained.
The wight hits you with a +0 flail of protection.
The wight hits you with a +0 hand axe!
You feel drained.
You remove your ring of poison resistance.
You block the wight's attack. The wight hits you with a +0 hand axe.
n - a ring of positive energy (right hand)
The wight hits you with a +0 hand axe.
* * * LOW HITPOINT WARNING * * *
The wight hits you but does no damage.
You hit the wight but do no damage. You hit the wight. x2
You block the wight's attack. The wight hits you but does no damage.
The wight hits you with a +5 falchion!
* * * LOW HITPOINT WARNING * * *
You partially resist.
You feel drained.
* * * LOW HITPOINT WARNING * * *
You hit the wight.
The wight is lightly damaged.
You hit the wight. You hit the wight but do no damage.
You block the wight's attack. The wight hits you but does no damage.
The wight hits you with a +5 falchion.
* * * LOW HITPOINT WARNING * * *
You slash the wight!
The wight is heavily damaged.
You barely miss the wight. You closely miss the wight.
The wight hits you with a +0 long sword!
You die...

...........!...
....<..........
...........?...
...............
...............#
.........(.....#
......zz.......##
......zzz........
....###@#........
#................
#..####))........
#..#..<.......#
#........#.##..#
#.##...#.#.# .
#######.# .. ##


You could see 5 wights.

Vanquished Creatures
  An acid dragon (D:6)
  2 ice beasts
  An orc warrior (D:6)
  An ogre (D:4)
  A scorpion (D:5)
  A howler monkey (D:3)
  2 hounds
  2 orc priests (D:6)
  A gnoll bouda (D:4)
  An iguana (D:5)
  An orc wizard (D:6)
  4 gnolls (D:4)
  8 adders
  2 ufetubi
  A worm (D:3)
  2 dart slugs
  8 orcs
  6 ball pythons
  5 endoplasms
  7 giant cockroaches
  7 goblins
  13 hobgoblins
  8 kobolds
  5 quokkas
  7 bats
  A frilled lizard (D:3)
  4 rats
102 creatures vanquished.

Notes
Turn   | Place    | Note
-------+----------+-------------------------------------------
     0 | D:1      | Mickster the Hill Orc Berserker began the quest for the
                  | Orb.
     0 | D:1      | Reached XP level 1. HP: 19/19 MP: 1/1
   119 | D:1      | Reached XP level 2. HP: 27/27 MP: 2/2
   341 | D:1      | Reached XP level 3. HP: 33/33 MP: 3/3
   604 | D:1      | Reached skill level 5 in Axes
   610 | D:1      | Reached ** piety under Trog
   773 | D:2      | Reached XP level 4. HP: 41/41 MP: 4/4
  1343 | D:2      | Gained mutation: Your system is resistant to poisons.
                  | (rPois) [potion of mutation]
  1343 | D:2      | Gained mutation: Your magical capacity is low. (-10% MP)
                  | [potion of mutation]
  1343 | D:2      | Gained mutation: Your muscles are strong. (Str +4, Int/Dex
                  | -1) [potion of mutation]
  1343 | D:2      | Gained mutation: You expend magic power (3 MP) to
                  | strengthen your wands. [potion of mutation]
  1392 | D:3      | Reached skill level 6 in Axes
  1392 | D:3      | Reached XP level 5. HP: 42/47 MP: 4/4
  1525 | D:3      | Upgraded the game from 0.30-a0-1123-gabc949cf19 to
                  | 0.30-a0-1161-g0704695555
  2012 | D:4      | Reached skill level 7 in Axes
  2019 | D:4      | Reached XP level 6. HP: 55/55 MP: 5/5
  2114 | D:4      | Found a transporter.
  2118 | D:4      | Noticed BlasphemerAmon's ghost (weakling SpDe)
  2259 | D:4      | Reached *** piety under Trog
  2265 | D:4      | Reached skill level 5 in Fighting
  2539 | D:4      | Reached skill level 8 in Axes
  2570 | D:4      | Found a transporter.
  2658 | D:5      | Entered Level 5 of the Dungeon
  2715 | D:5      | Noticed an ice beast
  2731 | D:5      | Killed an ice beast
  2732 | D:5      | Reached XP level 7. HP: 25/61 MP: 6/6
  2848 | D:5      | Reached skill level 9 in Axes
  3111 | D:6      | Reached skill level 1 in Shields
  3118 | D:6      | Reached XP level 8. HP: 69/69 MP: 7/7
  3134 | D:6      | Reached skill level 10 in Axes
  3140 | D:6      | HP: 3/64 [wight/+5 falchion (3)]
  3141 | D:6      | Mangled by a wight

Illustrated notes

Levels and vault maps discovered:
D:1:      co_arrival_random_square_maze, layout_basic
D:2:      layout_loops_ring, st_stairs_12, minmay_pentomino_t2
D:3:      layout_rooms, minmay_fractal_squares_diagonal_5
D:4:      layout_loops_ring, gammafunk_ghost_mausoleum
D:5:      layout_layer_cave, serial_shops, nicolae_shop_just_a_little_nook
D:6:      layout_basic, gammafunk_temple_overflow_pools,
          minmay_temple_entry_trees, nicolae_shop_clearance, uniq_maggie,
          uniq_sigmund

Skill      XL: |  1  2  3  4  5  6  7  8 |
---------------+-------------------------+-----
Fighting       | 4 5 |  5.6
Axes           | 5 6 7 8 9 10 | 10.0
Armour         | 3 4 |  4.2
Dodging        | 2 |  2.4
Shields        | 1 |  1.8

Action                     |  1- 3 |  4- 6 |  7- 9 || total
---------------------------+-------+-------+-------++-------
  Melee: Hand axe          |    76 |   166 |    41 ||   283
         Punch             |     1 |       |       ||     1
  Throw: Boomerang         |       |       |     2 ||     2
 Invoke: Berserk           |     2 |     3 |     1 ||     6
         Trog's Hand       |       |     1 |     1 ||     2
    Use: Scroll            |     3 |     5 |     2 ||    10
         Potion            |       |     8 |       ||     8
 Armour: Animal skin       |     9 |       |       ||     9
         Ring mail         |     2 |       |       ||     2
         Plate armour      |    26 |   133 |    29 ||   188
  Dodge: Dodged            |    63 |    43 |    14 ||   120
  Block: Kite shield       |       |     9 |    10 ||    19

Table legend: (Time is in decaauts)
 A = Elapsed time spent in this place.
 B = Non-inter-level travel time spent in this place.
 C = Inter-level travel time spent in this place.
 D = Time resting spent in this place.
 E = Time spent auto-exploring this place.
 F = Levels seen in this place.
 G = Mean time per level.
                   A        B        C        D        E       F      G
               +--------+--------+--------+--------+--------+-----+--------+
         Total |   3198 |   3105 |     93 |    151 |      0 |   6 |  533.0 |
       Dungeon |   3198 |   3105 |     93 |    151 |      0 |   6 |  533.0 |
               +--------+--------+--------+--------+--------+-----+--------+

Top non-repeatable levels by time:
     D:2: 747 daAuts
     D:4: 678 daAuts
     D:3: 649 daAuts
     D:1: 640 daAuts
     D:5: 442 daAuts
     D:6: 39 daAuts
